 Dungeon Crawl Stone Soup version 0.16-a0-3452-g71b9fc6 (webtiles) character file.

3460 BluebellGnoll the Cleaver (level 9, -1/83 HPs)
             Began as a Minotaur Fighter on Jan 1, 2015.
             Was a Believer of Yredelemnul.
             Killed from afar by an electric eel (11 damage)
             ... with a bolt of electricity
             ... on level 9 of the Dungeon.
             The game lasted 00:29:38 (7274 turns).

BluebellGnoll the Cleaver (Minotaur Fighter)        Turns: 7274, Time: 00:29:38

Health: -1/83      AC: 11    Str: 23    XL:     9   Next: 78%
Magic:  3/4        EV:  8    Int:  5    God:    Yredelemnul [**....]
Gold:   368        SH: 11    Dex: 11    Spells: 0 memorised, 8 levels left

rFire  + . .     SeeInvis .     a - +0 war axe
rCold  . . .     Clarity  .     b - +0 scale mail
rNeg   + . .     SustAb   .     c - +0 shield
rPois  .         Gourm    .     (helmet restricted)
rElec  .         Spirit   .     H - +2 cloak
rCorr  .         Warding  .     (no gloves)
rMut   .         Stasis   .     M - +0 pair of boots
MR     .....                    (no amulet)
Stlth  ..........               G - ring of positive energy
                                O - ring of protection from fire

@: not resistant to hostile enchantments, extremely unstealthy
A: retaliatory headbutt, horns 2
a: Animate Remains, Recall Undead Slaves, Injury Mirror, Renounce Religion


You were on level 9 of the Dungeon.
You worshipped Yredelemnul.
Yredelemnul was pleased with you.
You were not hungry.

You visited 1 branch of the dungeon, and saw 9 of its levels.

You collected 459 gold pieces.
You spent 91 gold pieces at shops.

Inventory:

Hand weapons
 a - a +0 war axe (weapon)
 E - a +0 blowgun
 J - a +0 hand crossbow
Missiles
 F - 27 poisoned needles
 K - 9 bolts
 Q - 2 javelins (quivered)
 W - 11 tomahawks
Armour
 b - a +0 scale mail (worn)
 c - a +0 shield (worn)
 H - a +2 cloak (worn)
 M - a +0 pair of boots (worn)
Jewellery
 t - an uncursed ring of invisibility
 G - a ring of positive energy (right hand)
 O - a ring of protection from fire (left hand)
 T - an uncursed ring of sustain abilities
Magical devices
 e - a wand of flame (25)
 x - a wand of hasting (6)
 D - a wand of teleportation (5)
 L - a wand of fire (8)
 P - a wand of digging (16)
Scrolls
 f - a scroll of fear
 g - 4 scrolls of enchant weapon
 m - a scroll of immolation
 n - a scroll of recharging
 u - 3 scrolls of teleportation
 w - a scroll of fog
 y - a scroll of amnesia
 I - 2 scrolls of remove curse
Potions
 h - 2 potions of cancellation
 i - 7 potions of curing
 l - a potion of flight
 p - a potion of heal wounds {unknown}
 q - 2 potions of restore abilities
 r - a potion of beneficial mutation {unknown}
 s - 3 potions of lignification
 v - a potion of magic {unknown}
 z - 2 potions of agility
 B - 3 potions of ambrosia
 C - a potion of haste
 N - 3 potions of brilliance
 R - a potion of might
Books
 V - a book of Summonings

   Spells                             Type                      Level
   a - Abjuration                     Summoning                    3
   b - Recall                         Summoning/Translocation      3
   c - Shadow Creatures               Summoning                    5
   d - Summon Demon                   Summoning                    5
   e - Summon Forest                  Summoning/Translocation      5
   f - Monstrous Menagerie            Summoning                    6
Comestibles
 d - 5 bread rations
 j - 2 chunks of flesh
 k - 2 slices of pizza
 o - a beef jerky
 A - 6 meat rations
 U - a royal jelly


   Skills:
 * Level 9.2 Fighting
 - Level 12.5 Axes
 - Level 3.6 Armour
 * Level 7.8 Shields


You had 8 spell levels left.
You didn't know any spells.

Dungeon Overview and Level Annotations

Branches:
Dungeon (9/15)             Temple (0/1) D:6             Orc (0/4) D:9
   Lair: D:8-11

Altars:
Ashenzari
Dithmenos
Gozag
Kikubaaqudgha
Nemelex Xobeh
Qazlal
Xom
Yredelemnul

Shops:
D:5 =   D:7 *   D:8 (


Innate Abilities, Weirdness & Mutations

You reflexively headbutt those who attack you in melee.
You have a pair of horns on your head.


Message History

The electric eel shoots out a bolt of lightning at you!
The bolt of electricity hits you!
An orc comes into view. It is wielding a flail.
The orc shouts!
The electric eel shoots out a bolt of lightning at you!
The bolt of electricity hits you!
* * * LOW HITPOINT WARNING * * *
The electric eel shoots out a bolt of lightning at you!
The bolt of electricity hits you!
* * * LOW HITPOINT WARNING * * *
The bolt of electricity hits your big kobold zombie.
The electric eel shoots out a bolt of lightning at you!
The bolt of electricity hits you!
* * * LOW HITPOINT WARNING * * *
Read which item? (? for menu, Esc to quit)
Okay, then.
The electric eel shoots out a bolt of lightning at you!
The bolt of electricity hits you!
You die...
Your body rises from the dead as a mindless zombie.

.......≈≈≈≈≈..).......##)##
..........[...........))...
.........(.......≈.....#.###
..≈≈≈≈≈≈≈.........|...<.....
.≈≈≈≈≈≈≈≈......≈............
≈≈≈≈≈≈≈≈≈...≈≈≈≈≈..........
≈≈≈≈≈≈≈≈≈...≈≈≈≈≈?.≈.......
≈≈≈≈≈≈≈≈≈.ZZ≈≈≈≈.........≈.
.≈≈≈≈≈≈≈%@.≈≈≈≈.......≈≈≈.
≈≈≈≈≈≈≈..≈≈≈≈≈...........
≈≈≈≈≈≈≈...≈≈≈.......#####
≈≈≈≈≈≈..............
.≈≈≈≈≈o...;..........
..≈≈≈≈....;....≈...#
.........≈≈.;≈≈...#
.........≈.≈≈≈...#
........≈.$≈≈≈.$#


You could see 2 electric eels, an orc, a friendly big kobold zombie and a
friendly ogre zombie.

Vanquished Creatures
  The ghost of Kemay the Insei, an average OpTm (D:4)
  A centaur (D:5)
  2 ice beasts
  A necrophage (D:6)
  2 orc warriors
  3 sky beasts
  2 phantoms
  2 ogres
  4 giant frogs
  A big kobold (D:9)
  A scorpion (D:9)
  A wyvern skeleton (D:9)
  4 wights (D:6)
  An electric eel (D:9)
  A crimson imp (D:7)
  A centaur zombie (D:7)
  A goliath beetle (D:6)
  2 jellies
  7 orc priests
  6 hounds
  3 iguanas
  An iron imp (D:3)
  A giant frog skeleton (D:4)
  Natasha (D:3)
  7 orc wizards
  6 worker ants
  Robin (D:2)
  8 gnolls
  5 adders
  3 shadow imps
  A giant mite (D:3)
  A worm (D:2)
  An ooze (D:3)
  32 orcs
  10 bats
  2 bat skeletons
  2 bat zombies
  6 giant cockroaches
  13 hobgoblins
  10 jackals
  21 kobolds
  7 quokkas
  4 ball pythons
  6 giant geckos
  7 giant newts
  17 goblins
  A jackal skeleton (D:6)
  13 rats
234 creatures vanquished.

Vanquished Creatures (collateral kills)
  A hungry ghost (D:8)
  A jelly (D:7)
  An iguana (D:8)
  A hound skeleton (D:9)
  2 orcs (D:7)
  A hobgoblin (D:7)
7 creatures vanquished.

Vanquished Creatures (others)
  A hound zombie (D:7)
  A scorpion zombie (D:9)
  Natasha (D:3)
  2 iguana zombies
  3 kobolds (D:9)
  A giant spore (D:7)
  2 orc zombies
11 creatures vanquished.

Grand Total: 252 creatures vanquished

Notes
Turn   | Place    | Note
--------------------------------------------------------------
     0 | D:1      | BluebellGnoll, the Minotaur Fighter, began the quest for the Orb.
     0 | D:1      | Reached XP level 1. HP: 19/19 MP: 1/1
   217 | D:1      | Reached XP level 2. HP: 26/26 MP: 1/1
   811 | D:2      | Noticed Robin
   811 | D:2      | Reached skill level 4 in Axes
   820 | D:2      | Reached XP level 3. HP: 19/31 MP: 2/2
   825 | D:2      | Killed Robin
   984 | D:2      | Reached skill level 5 in Axes
  1250 | D:2      | Reached XP level 4. HP: 39/39 MP: 2/2
  1862 | D:3      | Reached skill level 6 in Axes
  1913 | D:3      | Noticed Natasha
  1948 | D:4      | Reached XP level 5. HP: 25/45 MP: 2/2
  2041 | D:4      | Noticed Kemay's ghost (average OpTm)
  2051 | D:4      | Killed Kemay's ghost
  2051 | D:4      | Reached skill level 7 in Axes
  2051 | D:4      | Reached XP level 6. HP: 27/51 MP: 3/3
  2198 | D:3      | Reached skill level 8 in Axes
  2405 | D:3      | Killed Natasha
  2722 | D:3      | Noticed Natasha
  2726 | D:3      | Killed Natasha
  2893 | D:4      | Reached skill level 9 in Axes
  2940 | D:4      | Found a stormy altar of Qazlal.
  3291 | D:5      | Entered Level 5 of the Dungeon
  3318 | D:5      | Reached XP level 7. HP: 51/57 MP: 3/3
  3399 | D:5      | Reached skill level 10 in Axes
  3593 | D:5      | Found Pnin's Jewellery Shoppe.
  3749 | D:5      | Found a shattered altar of Ashenzari.
  3750 | D:5      | Found a shimmering altar of Xom.
  3824 | D:5      | Reached skill level 5 in Shields
  3903 | D:5      | Reached skill level 5 in Fighting
  3903 | D:5      | Reached XP level 8. HP: 52/68 MP: 3/3
  4028 | D:5      | Found a basalt altar of Yredelemnul.
  4031 | D:5      | Became a worshipper of Yredelemnul the Dark
  4340 | D:6      | Found a staircase to the Ecumenical Temple.
  4596 | D:6      | Found an ancient bone altar of Kikubaaqudgha.
  4958 | D:7      | Acquired Yredelemnul's first power
  5208 | D:7      | Found Wufassa's Assorted Antiques.
  5219 | D:7      | Bought a yellow potion for 29 gold pieces
  5219 | D:7      | Bought a scroll labeled KUTUZX WIZIZIO for 33 gold pieces
  5219 | D:7      | Bought an orange potion for 29 gold pieces
  5324 | D:7      | Reached skill level 11 in Axes
  5391 | D:7      | Reached XP level 9. HP: 74/80 MP: 4/4
  5636 | D:8      | Found Geat's Weapon Boutique.
  5677 | D:8      | Found a shadowy altar of Dithmenos.
  5847 | D:8      | Acquired Yredelemnul's second power
  5975 | D:8      | Reached skill level 12 in Axes
  6413 | D:8      | Found an opulent altar of Gozag.
  6414 | D:8      | Found a sparkling altar of Nemelex Xobeh.
  6745 | D:9      | Noticed a hill giant
  6762 | D:9      | Found a staircase to the Orcish Mines.
  7274 | D:9      | Killed from afar by an electric eel

Action                   |  1- 3 |  4- 6 |  7- 9 || total
-------------------------+-------+-------+-------++-------
Melee: War axe           |    91 |   166 |   338 ||   595
 Fire: Hand crossbow     |       |       |    51 ||    51
Throw: Javelin           |       |       |     5 ||     5
Invok: Animate Remains   |       |       |    20 ||    20
  Use: Potion            |       |     2 |       ||     2
       Scroll            |       |       |    25 ||    25
  Eat: Chunk             |     1 |     7 |    14 ||    22
